 Dungeon Crawl Stone Soup version 0.21.1-1-g345015f (webtiles) character file.

153 inc the Conjurer (level 5, 11/21 HPs)
             Began as a Felid Venom Mage on Mar 4, 2018.
             Quit the game on level 4 of the Dungeon.
             The game lasted 00:09:31 (3500 turns).

inc the Conjurer (Felid Venom Mage)                 Turns: 3500, Time: 00:09:31

Health: 11/21      AC:  2    Str:  4    XL:     5   Next: 12%
Magic:  9/9        EV: 18    Int: 19    God:
Gold:   175        SH:  0    Dex: 16    Spells: 5/8 levels left
                                        Lives:  0   Deaths: 1

rFire    . . .     SeeInvis +   (weapon unavailable)
rCold    . . .     Gourm    .   (shield unavailable)
rNeg     . . .     Faith    .   (armour unavailable)
rPois    .         Spirit   .   (helmet unavailable)
rElec    .         Reflect  .   (cloak unavailable)
rCorr    .         Harm     .   (gloves unavailable)
MR       .....                  (boots unavailable)
Stlth    +++.......             (no amulet)
HPRegen  0.07/turn              (no ring)
MPRegen  0.11/turn              (no ring)

@: quick
A: very small, no armour, no weapons or thrown items, stealth, claws 1, fangs 3,
see invisible, carnivore, speed 1, shaggy fur 2, slow metabolism 1, sharp paws
a: no special abilities


You were on level 4 of the Dungeon.
You were not hungry.

You visited 1 branch of the dungeon, and saw 4 of its levels.

You collected 175 gold pieces.

Inventory:

Jewellery
 h - an uncursed ring of loudness
 l - a cursed amulet of inaccuracy
Scrolls
 e - a scroll of amnesia
 i - a scroll of immolation {unknown}
 j - a scroll of enchant weapon
 m - a scroll of fog
 n - a scroll of magic mapping {unknown}
Potions
 c - a potion of curing
 d - a potion of degeneration
 g - 2 potions of haste
 k - a potion of resistance
Books
 a - a Young Poisoner's Handbook

   Spells                             Type                      Level
   a - Sting                          Conjuration/Poison           1
   b - Poisonous Vapours              Poison/Air                   2
   c - Mephitic Cloud                 Conjuration/Poison/Air       3
   d - Olgreb's Toxic Radiance        Poison                       4
   e - Venom Bolt                     Conjuration/Poison           5
Comestibles
 b - 7 rations


   Skills:
 - Level 2.6 Dodging
 - Level 2.6 Stealth
 - Level 2.0 Spellcasting
 - Level 4.5 Conjurations
 + Level 3.0 Air Magic
 - Level 2.6 Poison Magic


You had 5 spell levels left.
You knew the following spells:

 Your Spells              Type           Power        Failure   Level  Hunger
a - Sting                 Conj/Pois      ###.         3%          1    #......
b - Poisonous Vapours     Pois/Air       ##....       8%          2    ###....


Dungeon Overview and Level Annotations

Branches:
Dungeon (4/15)
 Temple: D:4-7

Altars:
Nemelex Xobeh


Innate Abilities, Weirdness & Mutations

You cannot wear armour.
You are incapable of wielding weapons or throwing items.
Your paws allow you to move quietly. (Stealth)
You have sharp claws.
You have razor-sharp teeth.
You have supernaturally acute eyesight. (SInv)
You are carnivorous and can eat meat at any time.
You cover ground quickly.
You are covered in thick fur. (AC +2)
You have a slow metabolism.
Your sharp claws are effective at attacking unaware monsters.


Message History

You kill the adder!
The orc priest invokes the aid of Beogh against you.
Pain shoots through your body!
There is a stone staircase leading down here.
You climb downwards.
Found a scroll of identify.
There is a stone staircase leading up here.
You start resting.
Magic restored.
f - 4 scrolls of identify (gained 1)
As you read the scroll of identify, it crumbles to dust.
g - 2 potions of haste
As you read the scroll of identify, it crumbles to dust.
d - a potion of degeneration
As you read the scroll of identify, it crumbles to dust.
c - a potion of curing
As you read the scroll of identify, it crumbles to dust.
k - a potion of resistance
Okay, then.
Are you sure you want to abandon this character and quit the game? (Confirm with "yes".)

.... ...##
..... ....
#..## .. ##...
...###...##
#.......@.## #
..#.......##.#
#...........#
.###.......####
..........##
.........##
.####.#<##
#.### #.


There were no monsters in sight!

Vanquished Creatures
  2 orc priests (D:3)
  An orc wizard (D:3)
  Terence (D:2)
  7 adders
  3 gnolls
  A worm (D:2)
  2 dart slugs
  3 leopard geckos
  2 orcs (D:3)
  10 bats
  9 giant cockroaches
  6 goblins
  7 hobgoblins
  A quokka (D:2)
  A ball python (D:1)
  3 frilled lizards
  9 kobolds
  6 rats
74 creatures vanquished.

Notes
Turn   | Place    | Note
-------+----------+-------------------------------------------
     0 | D:1      | inc the Felid Venom Mage began the quest for the Orb.
     0 | D:1      | Reached XP level 1. HP: 7/7 MP: 4/4
     1 | D:1      | Reached skill level 1 in Conjurations
   466 | D:1      | Reached XP level 2. HP: 11/11 MP: 0/6
   547 | D:1      | Reached skill level 2 in Conjurations
  1153 | D:2      | Noticed Terence
  1286 | D:2      | Reached XP level 3. HP: 14/14 MP: 3/7
  1471 | D:2      | Reached skill level 3 in Conjurations
  1872 | D:2      | Killed Terence
  1872 | D:2      | Reached XP level 4. HP: 18/18 MP: 4/8
  1955 | D:2      | Reached skill level 4 in Conjurations
  2533 | D:3      | Reached XP level 5. HP: 21/21 MP: 6/9
  2767 | D:3      | Learned a level 2 spell: Poisonous Vapours
  2879 | D:2      | Reached skill level 1 in Air Magic
  3309 | D:3      | Found a sparkling altar of Nemelex Xobeh.
  3417 | D:3      | Gained mutation: You are covered in thick fur. (AC +2) [Felid growth]
  3417 | D:3      | Reached XP level 6. HP: 10/24 MP: 0/10
  3417 | D:3      | Killed from afar by an orc priest
  3418 | D:3      | Reached XP level 5. HP: 0/21 MP: 0/9
  3500 | D:4      | Quit the game

Skill      XL: |  1  2  3  4  5 |
---------------+----------------+-----
Conjurations   | 1 2 3 4 |  4.5
Air Magic      | 3 |  3.0
Dodging        | |  2.6
Stealth        | |  2.6
Spellcasting   | |  2.0
Poison Magic   | |  2.6

Action                   |  1- 3 |  4- 6 || total
-------------------------+-------+-------++-------
Melee: Unarmed           |    17 |     9 ||    26
       Bite              |     1 |       ||     1
 Cast: Sting             |    88 |    82 ||   170
       Poisonous Vapours |       |    15 ||    15
  Use: Scroll            |     1 |     8 ||     9
 Stab: Sleeping          |     3 |       ||     3
  Eat: Chunk             |     8 |     5 ||    13
Armor: Skin              |     1 |     2 ||     3
Dodge: Dodged            |    37 |    33 ||    70
